Monk Dude, lawful male human Monk --------- |.......| |.<......# |.......|# -.---.-.-# # #### # # ### # #### # ### # ### # ## # ### # . ######@G` # # # ## Monk Dude the Novice Experience level: 5 Strength: 14 Dexterity: 14 Constitution: 13 Intelligence: 10 Wisdom: 16 Charisma: 9 Health: 0(46) Energy: 34(34) Def: 7 Gold: 195 Moves: 1750 Dungeon seed: tf3x-Gt7uNPthZ30 Game ID: Monk Dude_1554811489 Your Inventory: Coins $ - 195 gold pieces Armor e - an uncursed +2 pair of leather gloves (being worn) n - an uncursed +1 robe (being worn) q - an uncursed +0 pair of low boots (being worn) Comestibles d - 2 uncursed food rations f - 6 uncursed apples g - 5 uncursed oranges h - 3 uncursed fortune cookies Scrolls b - an uncursed scroll of light p - an uncursed scroll of identify Spellbooks a - a blessed spellbook of healing Potions c - 2 uncursed potions of healing Tools i - a magic marker (1:114) k - an uncursed skeleton key s - an uncursed stethoscope u - an uncursed blindfold v - a +0 pick-axe y - an uncursed brass lantern (lit) (0:1121) Spells and supernatural/magical abilities: Name Level Category Fail Memory h - healing 1 healing 0% 92% W - pray for help -- divine ? -- Your skills at the end: Fighting Skills martial arts [Basic] Weapon Skills Spellcasting Skills healing spells [Basic] Final Attributes: You were piously aligned. You were sleep resistant. You were poison resistant. You saw invisible. You were stealthy. You were fast. You are dead. Vanquished creatures: 5 gnome lords a gnomish wizard a dwarf a dwarf zombie a brown mold 22 gnomes 4 jackals 4 grid bugs 2 lichens 4 newts 45 creatures vanquished. Voluntary challenges: You followed a strict vegan diet. You never hit with a wielded weapon. You read items or engraved 1 time, starting on turn 214. You never genocided any monsters. You never polymorphed an object. You never changed form. You used no wishes. You never split a pudding. You never wrote Elbereth's name. You never violated your personal moral code. Dungeon overview: The Dungeons of Doom: levels 1 to 2 Level 1 an altar to Shan Lai Ching a long staircase Level 2 stairs to The Gnomish Mines The Gnomish Mines: levels 3 to 6 Level 3 stairs to The Dungeons of Doom Level 4 Level 5 Level 6 <- You were here History has recorded: On T:1 you entered the Dungeons of Doom to retrieve the Amulet of Yendor! On T:524 you reached level 2 of The Dungeons of Doom. On T:888 you reached level 1 of The Gnomish Mines. On T:894 you advanced to experience level 2. On T:905 you advanced to experience level 3. On T:1006 you advanced to experience level 4. On T:1162 you reached level 2 of The Gnomish Mines. On T:1190 you advanced to experience level 5. On T:1292 you reached level 3 of The Gnomish Mines. On T:1713 you reached level 4 of The Gnomish Mines. Score breakdown: Gold: 195 ( 7797 points) Experience: 5 levels (11141 points) Exploration: 6 levels ( 12.50%) ( 9784 points) Discoveries: 4 items ( 1.43%) ( 3585 points) Valuables value: (no points given unless you survive) Artifact value: 0 ( 0 points) Variety of kills: 10 monsters ( 2.62%) ( 4860 points) Turncount: 1750 turns ( 0 points) Survival: died (score multiplied by 80%) Total score: 29733 Latest messages: You see here an orange gem. You hear a door open. (2x) This door is locked. That door is closed. (2x) You hear a door open. (3x) You feel an unexpected draft. You hear a door open. The dungeon acoustics noticeably change. You hear a door open. You begin striking monsters with your gloved hands. You kill the gnome! With great effort you move the boulder. You try to move the boulder, but in vain. The gnomish wizard zaps a short wand! The bolt of cold hits you! One of your potions of healing freezes and shatters! Your clear potion freezes and shatters! Your dark green potion freezes and shatters! You hit the gnomish wizard! The gnomish wizard zaps a wand of cold! The bolt of cold hits you! You die... Final status: Goodbye Monk Dude the Monk, killed by a bolt of cold... You died in The Gnomish Mines on dungeon level 6 with 29733 points, and 195 pieces of gold, after 1750 moves. You were level 5 with a maximum of 46 hit points when you died.